 Dungeon Crawl Stone Soup version 0.23-a0-121-g4413648 (webtiles) character file.

8481 CougarLife the Blocker (level 11, -1/89 HPs)
             Began as a Gnoll Fighter on Aug 24, 2018.
             Was a High Priest of Okawaru.
             Killed from afar by a fire giant (42 damage)
             ... with a bolt of fire
             ... on level 10 of the Dungeon on Aug 26, 2018.
             The game lasted 00:21:30 (9527 turns).

CougarLife the Blocker (Gnoll Fighter)              Turns: 9527, Time: 00:21:34

Health: -1/89      AC: 22    Str: 21    XL:     11   Next: 31%
Magic:  20/20      EV: 18    Int: 11    God:    Okawaru [*****.]
Gold:   69         SH: 14    Dex: 15    Spells: 22/22 levels left

rFire    . . .     SeeInvis .   a - +1 war axe
rCold    . . .     Gourm    .   c - +0 shield
rNeg     . . .     Faith    .   v - quicksilver dragon scales
rPois    +         Spirit   .   k - +0 helmet
rElec    .         Reflect  .   y - +1 cloak {rPois}
rCorr    .         Harm     .   o - +0 pair of gloves
MR       ++...                  (no boots)
Stlth    +++++.....             t - amulet of the Tick {rPois Regen+ Slay+2 Stlth+}
HPRegen  0.64/turn              r - ring of protection from magic
MPRegen  0.17/turn              w - +2 ring of protection

@: heroism
A: distributed training, fangs 1, strong nose
a: Heroism, Finesse, Renounce Religion


You were on level 10 of the Dungeon.
You worshipped Okawaru.
Okawaru was extremely pleased with you.
You were not hungry.

You visited 2 branches of the dungeon, and saw 11 of its levels.

You collected 645 gold pieces.
You spent 576 gold pieces at shops.

Inventory:

Hand Weapons
 a - a +1 war axe (weapon)
Armour
 c - a +0 shield (worn)
 k - a +0 helmet (worn)
 o - a +0 pair of gloves (worn)
 v - quicksilver dragon scales (worn)
 y - a +1 cloak of poison resistance (worn)
Jewellery
 r - a ring of protection from magic (left hand)
 s - an uncursed ring of positive energy
 t - the amulet of the Tick (around neck) {rPois Regen+ Slay+2 Stlth+}
   (You bought it in a shop on level 7 of the Dungeon)

   [amulet of regeneration]

   It affects your accuracy and damage with ranged weapons and melee attacks
   (+2).
   It protects you from poison.
   It increases your rate of regeneration.
   It makes you more stealthy.
 w - a +2 ring of protection (right hand)
 F - an uncursed ring of resist corrosion
Wands
 m - a wand of digging (11)
 n - a wand of paralysis (9)
 E - a wand of acid (12)
 J - a wand of flame (48)
 O - a wand of polymorph (17)
Scrolls
 b - 4 scrolls of identify
 h - a scroll of amnesia
 u - a scroll of enchant armour
 x - 6 scrolls of teleportation
 z - a scroll of blinking
 A - 2 scrolls of torment {unknown}
 C - a scroll of remove curse
 H - a scroll of random uselessness {unknown}
 I - 2 scrolls of magic mapping {unknown}
 N - a scroll of fear {unknown}
 P - a scroll of noise {unknown}
Potions
 d - 3 potions of might
 e - 4 potions of heal wounds {unknown}
 g - 3 potions of degeneration {unknown}
 i - a potion of haste
 j - 3 potions of flight {unknown}
 l - 3 potions of curing {unknown}
 p - 2 potions of cancellation {unknown}
 q - 2 potions of brilliance {unknown}
 B - a potion of ambrosia {unknown}
 D - 3 potions of lignification {unknown}
 G - a potion of agility {unknown}
 K - a potion of mutation {unknown}
 L - a potion of resistance
 M - a potion of invisibility {unknown}
Comestibles
 f - 21 rations
 Q - 3 chunks of flesh


   Skills:
 + Level 9.0(14.0) Fighting
 + Level 6.1(11.1) Short Blades
 + Level 6.1(11.1) Long Blades
 + Level 7.7(12.7) Axes
 + Level 6.1(11.1) Maces & Flails
 + Level 6.1(11.1) Polearms
 + Level 6.1(11.1) Staves
 + Level 6.1(11.1) Slings
 + Level 6.1(11.1) Bows
 + Level 6.1(11.1) Crossbows
 + Level 6.1(11.1) Throwing
 + Level 9.0(14.0) Armour
 + Level 6.1(11.1) Dodging
 + Level 6.1(11.1) Stealth
 + Level 9.0(14.0) Shields
 + Level 6.1(11.1) Unarmed Combat
 + Level 6.1 Spellcasting
 + Level 5.0 Conjurations
 + Level 5.0 Hexes
 + Level 5.0 Charms
 + Level 5.0 Summonings
 + Level 5.0 Necromancy
 + Level 5.0 Translocations
 + Level 5.0 Transmutations
 + Level 5.0 Fire Magic
 + Level 5.0 Ice Magic
 + Level 5.0 Air Magic
 + Level 5.0 Earth Magic
 + Level 5.0 Poison Magic
 + Level 6.6 Invocations
 + Level 6.1 Evocations


You had 22 spell levels left.
You didn't know any spells.
Your spell library contained the following spells:

 Spells                   Type           Power        Failure   Level  Hunger
 Shock                    Conj/Air       ##..         4%          1    None
 Swiftness                Chrm/Air       ##......     6%          2    ##.....
 Mephitic Cloud           Conj/Pois/Air  ##......     12%         3    ###....
 Static Discharge         Conj/Air       ##......     12%         3    ###....
 Teleport Other           Tloc           ##......     12%         3    ###....
 Airstrike                Air            ##........   36%         4    ####...
 Passage of Golubria      Tloc           N/A          36%         4    ####...
 Summon Lightning Spire   Summ/Air       ##......     36%         4    ####...
 Lightning Bolt           Conj/Air       ##........   73%         5    ######.
 Silence                  Hex/Air        ##........   73%         5    ######.


Dungeon Overview and Level Annotations

Branches:
Dungeon (10/15)            Temple (1/1) D:5             Orc (0/2) D:9
   Lair: D:8-11

Altars:
Ashenzari
Cheibriados
Dithmenos
Elyvilon
Fedhas
Gozag
Hepliaklqana
Kikubaaqudgha
Makhleb
Nemelex Xobeh
Okawaru
Qazlal
Ru
Sif Muna
Trog
Uskayaw
Vehumet
Wu Jian
Xom
Yredelemnul
Zin
The Shining One

Shops:
D:7 =


Innate Abilities, Weirdness & Mutations

Your experience applies equally to all skills.
You have very sharp teeth.
Your uncanny sense of smell can sniff out nearby items.


Message History

You bite the fire giant, but do no damage.
The fire giant is almost dead.
You closely miss the fire bat. You barely miss the fire bat.
The fire bat closely misses you. You block the fire bat's attack. x3
You hit the fire giant but do no damage.
The fire giant is almost dead.
You hit the fire bat. You slash the fire bat!
You kill the fire bat!
Okawaru accepts your kill.
You barely miss the fire bat. You block the fire bat's attack.
The fire bat bites you but does no damage.
You block the fire giant's attack.
You hit the fire giant but do no damage.
The fire giant is almost dead.
You barely miss the fire bat. The fire bat closely misses you.
The fire bat bites you but does no damage.
The fire bat barely misses you.
The fire giant gestures at you while chanting.
The bolt of fire hits you!
You die...

# #........#..# #
#......(....######..
##....###........[#
#...## ####....### #.###
#..#### . ###..### #.##
.# ##......# ###.###
..###...###..##.b...#
......### ###..@#...#
..#..## #..C......#
##..# #..##b..##..# #..#
#...#.....#...#
#..#####.....#|#.....#
##..##...#...}#)...#..
####..#..#.....#:#.....#
##........#...#.....#...
...(......##


You could see a fire giant and 2 fire bats.

Vanquished Creatures
  Joseph (D:7)
  Psyche (D:9)
  A troll (D:9)
  Grinder (D:3)
  A hippogriff (D:7)
  A wraith (D:9)
  A yak (D:9)
  2 wyverns
  A hungry ghost (D:9)
  A human (D:9)
  4 fire bats (D:10)
  3 hogs (D:9)
  2 black bears
  6 sky beasts
  5 orc warriors
  2 ice beasts
  A necrophage (D:7)
  5 ogres
  3 phantoms
  3 centaurs
  3 bullfrogs
  2 troll zombies (D:9)
  3 scorpions
  6 killer bees (D:7)
  4 wights (D:7)
  A howler monkey (D:4)
  7 crimson imps
  8 hounds
  A quasit (D:7)
  2 bullfrog zombies
  3 jellies
  8 orc priests
  Crazy Yiuf (D:3)
  2 bullfrog skeletons
  13 orc wizards
  Natasha (thrice) (D:3 D:6)
  3 iguanas
  3 worker ants
  A killer bee zombie (D:8)
  6 ogre zombies (D:9)
  A hound zombie (D:5)
  A hound skeleton (D:7)
  Robin (D:2)
  2 howler monkey skeletons
  6 adders
  11 gnolls
  A shadow imp (D:9)
  2 oozes
  2 dart slugs
  2 worms
  8 leopard geckos
  38 orcs
  8 giant cockroaches
  14 goblins
  9 hobgoblins
  10 jackals
  8 kobolds
  4 quokkas
  3 ball pythons
  9 bats
  6 frilled lizards
  A goblin skeleton (D:9)
  A goblin zombie (D:9)
  2 hobgoblin skeletons (D:9)
  2 hobgoblin zombies (D:9)
  A jackal zombie (D:7)
  A leopard gecko skeleton (D:4)
  7 orc skeletons (D:9)
  12 orc zombies (D:9)
  6 rats
304 creatures vanquished.

Notes
Turn   | Place    | Note
-------+----------+-------------------------------------------
     0 | D:1      | CougarLife the Gnoll Fighter began the quest for the Orb.
     0 | D:1      | Reached XP level 1. HP: 23/23 MP: 1/1
   188 | D:1      | Reached XP level 2. HP: 28/29 MP: 2/2
   529 | D:1      | Upgraded the game from 0.23-a0-119-ga86c9e7 to 0.23-a0-121-g4413648
   623 | D:2      | Reached skill level 1 in Short Blades
   623 | D:2      | Reached skill level 1 in Long Blades
   623 | D:2      | Reached skill level 1 in Maces & Flails
   623 | D:2      | Reached skill level 1 in Polearms
   623 | D:2      | Reached skill level 1 in Staves
   623 | D:2      | Reached skill level 1 in Slings
   623 | D:2      | Reached skill level 1 in Bows
   623 | D:2      | Reached skill level 1 in Crossbows
   623 | D:2      | Reached skill level 1 in Throwing
   623 | D:2      | Reached skill level 1 in Dodging
   623 | D:2      | Reached skill level 1 in Stealth
   623 | D:2      | Reached skill level 1 in Unarmed Combat
   623 | D:2      | Reached skill level 1 in Spellcasting
   623 | D:2      | Reached skill level 1 in Invocations
   623 | D:2      | Reached skill level 1 in Evocations
   623 | D:2      | Reached XP level 3. HP: 35/35 MP: 2/4
   625 | D:2      | Reached XP level 4. HP: 41/41 MP: 2/5
   674 | D:2      | Reached skill level 1 in Conjurations
   674 | D:2      | Reached skill level 1 in Hexes
   674 | D:2      | Reached skill level 1 in Charms
   674 | D:2      | Reached skill level 1 in Summonings
   674 | D:2      | Reached skill level 1 in Necromancy
   674 | D:2      | Reached skill level 1 in Translocations
   674 | D:2      | Reached skill level 1 in Transmutations
   674 | D:2      | Reached skill level 1 in Fire Magic
   674 | D:2      | Reached skill level 1 in Ice Magic
   674 | D:2      | Reached skill level 1 in Air Magic
   674 | D:2      | Reached skill level 1 in Earth Magic
   674 | D:2      | Reached skill level 1 in Poison Magic
   686 | D:2      | Reached XP level 5. HP: 29/47 MP: 5/7
  1019 | D:2      | Noticed Robin
  1041 | D:2      | Killed Robin
  1714 | D:2      | Found a sparkling altar of Nemelex Xobeh.
  2092 | D:3      | Noticed Natasha
  2096 | D:3      | Reached XP level 6. HP: 53/53 MP: 8/8
  2118 | D:3      | Killed Natasha
  2199 | D:3      | Noticed an orc warrior
  2205 | D:3      | Killed an orc warrior
  2205 | D:3      | Reached skill level 5 in Axes
  2356 | D:3      | Noticed Grinder
  2371 | D:3      | Paralysed by Grinder for 6 turns
  2379 | D:3      | Killed Grinder
  2379 | D:3      | Reached XP level 7. HP: 6/60 MP: 10/10
  2857 | D:3      | Found a runed door.
  2871 | D:3      | Found a shimmering altar of Xom.
  3247 | D:3      | Noticed Crazy Yiuf
  3251 | D:3      | Killed Crazy Yiuf
  3537 | D:4      | Reached XP level 8. HP: 67/67 MP: 12/12
  4016 | D:5      | Entered Level 5 of the Dungeon
  4179 | D:5      | Found a staircase to the Ecumenical Temple.
  4196 | Temple   | Entered the Ecumenical Temple
  4225 | Temple   | Became a worshipper of Warmaster Okawaru
  4756 | D:6      | Noticed Natasha
  4769 | D:6      | Killed Natasha
  4927 | D:6      | Reached * piety under Okawaru
  4999 | D:6      | Reached XP level 9. HP: 40/72 MP: 14/14
  5406 | D:6      | Reached ** piety under Okawaru
  5549 | D:6      | Identified the Incunabulum of Flying Displacement
  5793 | D:6      | Noticed Natasha
  5800 | D:6      | Killed Natasha
  6037 | D:6      | Reached skill level 5 in Invocations
  6474 | D:7      | Reached XP level 10. HP: 78/80 MP: 15/17
  6506 | D:7      | Found an opulent altar of Gozag.
  6680 | D:7      | Found a shadowy altar of Dithmenos.
  6824 | D:7      | Reached *** piety under Okawaru
  6844 | D:7      | Found Umicar's Jewellery Shoppe.
  6849 | D:7      | Noticed Joseph
  6874 | D:7      | Killed Joseph
  6874 | D:7      | Reached skill level 5 in Short Blades
  6874 | D:7      | Reached skill level 5 in Long Blades
  6874 | D:7      | Reached skill level 5 in Maces & Flails
  6874 | D:7      | Reached skill level 5 in Polearms
  6874 | D:7      | Reached skill level 5 in Staves
  6874 | D:7      | Reached skill level 5 in Slings
  6874 | D:7      | Reached skill level 5 in Bows
  6874 | D:7      | Reached skill level 5 in Crossbows
  6874 | D:7      | Reached skill level 5 in Throwing
  6874 | D:7      | Reached skill level 5 in Dodging
  6874 | D:7      | Reached skill level 5 in Stealth
  6874 | D:7      | Reached skill level 5 in Unarmed Combat
  6874 | D:7      | Reached skill level 5 in Spellcasting
  6874 | D:7      | Reached skill level 5 in Evocations
  7143 | D:7      | Found a burning altar of Makhleb.
  7731 | D:8      | Got a crystal great sword
  7732 | D:8      | Identified the +3 great sword of Mistra {holy, *Slow rF- Str+3 Dex+4} (You found it on level 8 of the Dungeon)
  7842 | D:8      | Found a shimmering altar of Xom.
  7931 | D:8      | Found a glowing silver altar of Zin.
  8329 | D:9      | Noticed Psyche
  8338 | D:9      | Paralysed by Psyche for 5 turns
  8358 | D:9      | Killed Psyche
  8358 | D:9      | Reached **** piety under Okawaru
  8630 | D:7      | Bought the amulet of the Tick {rPois Regen+ Slay+2 Stlth+} for 576 gold pieces
  8838 | D:9      | Reached XP level 11. HP: 83/87 MP: 19/19
  8892 | D:9      | Found a staircase to the Orcish Mines.
  8912 | D:9      | Reached ***** piety under Okawaru
  9191 | D:10     | Entered Level 10 of the Dungeon
  9509 | D:10     | Noticed a fire giant
  9520 | D:10     | Reached skill level 5 in Conjurations
  9520 | D:10     | Reached skill level 5 in Hexes
  9520 | D:10     | Reached skill level 5 in Charms
  9520 | D:10     | Reached skill level 5 in Summonings
  9520 | D:10     | Reached skill level 5 in Necromancy
  9520 | D:10     | Reached skill level 5 in Translocations
  9520 | D:10     | Reached skill level 5 in Transmutations
  9520 | D:10     | Reached skill level 5 in Fire Magic
  9520 | D:10     | Reached skill level 5 in Ice Magic
  9520 | D:10     | Reached skill level 5 in Air Magic
  9520 | D:10     | Reached skill level 5 in Earth Magic
  9520 | D:10     | Reached skill level 5 in Poison Magic
  9527 | D:10     | Killed from afar by a fire giant

Vault maps used:
D:1:      minmay_arrival_checkered_box
D:2:      cheibrodos_pilgrimage, overflow_temple_1_default, minmay_vboxes,
          uniq_robin
D:3:      xom_teletrap_fun, uniq_natasha, uniq_grinder, uniq_crazy_yiuf_cottage
D:4:      first_ration, corexii_checkpoint_a, serial_bayou_crossing
D:5:      temple_fountains, grunt_ministairs_10, item_on_display_a
D:6:      kennysheep_windowed_halls, portal_sewer_entry_f,
          kennysheep_generic_room_5
D:7:      kennysheep_little_box, makhleb_blood_cavern_becter,
          nicolae_dithmenos_through_a_glass_darkly, serial_shops, shop,
          uniq_joseph
D:8:      kennysheep_mini_moat, old_standard_altar
D:9:      zombieorc2_lemuel, grunt_livestock, uniq_psyche
D:10:     minmay_firetagon, lair_entry_dummy
Temple:   regret_index_temple_sphere_string

Skill      XL: |  1  2  3  4  5  6  7  8  9 10 11 |
---------------+----------------------------------+-----
Short Blades   | 1 2 3 4 5 6 |  6.1
Long Blades    | 1 2 3 4 5 6 |  6.1
Maces & Flails | 1 2 3 4 5 6 |  6.1
Polearms       | 1 2 3 4 5 6 |  6.1
Staves         | 1 2 3 4 5 6 |  6.1
Slings         | 1 2 3 4 5 6 |  6.1
Bows           | 1 2 3 4 5 6 |  6.1
Crossbows      | 1 2 3 4 5 6 |  6.1
Throwing       | 1 2 3 4 5 6 |  6.1
Dodging        | 1 2 3 4 5 6 |  6.1
Stealth        | 1 2 3 4 5 6 |  6.1
Unarmed Combat | 1 2 3 4 5 6 |  6.1
Spellcasting   | 1 2 3 4 5 6 |  6.1
Invocations    | 1 2 3 4 5 6 |  6.6
Evocations     | 1 2 3 4 5 6 |  6.1
Conjurations   | 1 2 3 4 5 |  5.0
Hexes          | 1 2 3 4 5 |  5.0
Charms         | 1 2 3 4 5 |  5.0
Summonings     | 1 2 3 4 5 |  5.0
Necromancy     | 1 2 3 4 5 |  5.0
Translocations | 1 2 3 4 5 |  5.0
Transmutations | 1 2 3 4 5 |  5.0
Fire Magic     | 1 2 3 4 5 |  5.0
Ice Magic      | 1 2 3 4 5 |  5.0
Air Magic      | 1 2 3 4 5 |  5.0
Earth Magic    | 1 2 3 4 5 |  5.0
Poison Magic   | 1 2 3 4 5 |  5.0
Axes           | 5 6 7 |  7.7
Fighting       | 7 8 9 |  9.0
Armour         | 7 8 9 |  9.0
Shields        | 7 8 9 |  9.0

Action                   |  1- 3 |  4- 6 |  7- 9 | 10-12 || total
-------------------------+-------+-------+-------+-------++-------
Melee: War axe           |    38 |   141 |   436 |   317 ||   932
       Bite              |     3 |    26 |    57 |    35 ||   121
Invok: Heroism           |       |       |       |     7 ||     7
  Use: Scroll            |       |     4 |     6 |     1 ||    11
 Stab: Sleeping          |       |       |     1 |    10 ||    11
  Eat: Chunk             |       |     5 |    14 |    12 ||    31
Armor: Scale mail        |    18 |    65 |    54 |       ||   137
       Quicksilver drago |       |       |   116 |   164 ||   280
Dodge: Dodged            |     7 |    46 |   144 |   224 ||   421
Block: Shield            |    21 |    87 |   223 |   257 ||   588

Table legend:
 A = Non-vault XP
 B = Vault XP
 C = Vault XP percentage of total XP
 D = Non-vault monster count
 E = Vault monster count
 F = Vault count percentage of total count
                 A         B        C        D         E       F
            +---------+---------+-------+---------+---------+-------
      Total |    6656 |    5461 |  45.1 |     207 |      97 |  31.9
            +---------+---------+-------+---------+---------+-------
        D:1 |      30 |       0 |   0.0 |      15 |       0 |   0.0
        D:2 |      96 |     190 |  66.4 |      20 |      20 |  50.0
        D:3 |     321 |     367 |  53.3 |      37 |       3 |   7.5
        D:4 |     431 |       4 |   0.9 |      19 |       2 |   9.5
        D:5 |     497 |     120 |  19.4 |      16 |       2 |  11.1
        D:6 |    1234 |    1037 |  45.7 |      34 |      21 |  38.2
        D:7 |    1961 |     650 |  24.9 |      34 |       3 |   8.1
        D:8 |     430 |       0 |   0.0 |       9 |       0 |   0.0
        D:9 |    1152 |    2306 |  66.7 |      19 |      42 |  68.9
       D:10 |     504 |     787 |  61.0 |       4 |       4 |  50.0
            +---------+---------+-------+---------+---------+-------
